 Dungeon Crawl Stone Soup version 0.31-a0-39-g17ee01c9f4 (webtiles) character file.

Game seed: 14493132083644357555

10453 Essalna the Arsonist (level 11, -20/69 HPs)
             Began as a Tengu Fire Elementalist on May 17, 2023.
             Was a Priest of Vehumet.
             Shot with an arrow by Nessos (28 damage)
             ... on level 3 of the Lair of Beasts.
             The game lasted 00:22:01 (11479 turns).

Essalna the Arsonist (Tengu Fire Elementalist)     Turns: 11479, Time: 00:22:01

Health: -20/69     AC:  8    Str:  8    XL:     11   Next: 62%
Magic:  7/15       EV: 20    Int: 20    God:    Vehumet [***...]
Gold:   280        SH:  0    Dex: 19    Spells: 7/14 levels left

rFire   + + +        h - +2 spear (heavy)
rCold   x . .        (no shield)
rNeg    . . .        m - +0 leather armour "Vueg" {rElec rF++}
rPois   .            (helmet restricted)
rElec   +            (no cloak)
rCorr   .            (no gloves)
SInv    .            (boots unavailable)
Will    +....        u - amulet of regeneration
Stlth   +            g - ring of fire
HPRegen 1.11/turn    e - ring "Emis" {Fly rF+ Will+ AC+4 Dex+4}
MPRegen 0.14/turn

%: no passive effects
@: confused, lethally poisoned (-20 -> -25), ambrosia-drunk, flying quickly and
evasively, quick
A: beak, talons 3, nimble flight
a: Renounce Religion


You were on level 3 of the Lair of Beasts.
You worshipped Vehumet.
Vehumet was most pleased with you.
You visited 3 branches of the dungeon, and saw 12 of its levels.

You collected 1337 gold pieces.
You spent 1057 gold pieces at shops.

Inventory:

Hand Weapons
 h - a +2 heavy spear (weapon)
 A - a +2 flail of venom
 C - the +4 mace of Departure {pain, +Blink rElec Will+}
   (You found it on level 8 of the Dungeon)

   rElec:     It insulates you from electricity.
   +Blink:    It lets you blink.
   Will:      It increases your willpower.
Armour
 a - a +0 robe
 m - the +0 leather armour "Vueg" (worn) {rElec rF++}
   (You found it on level 3 of the Dungeon)

   rF:        It greatly protects you from fire.
   rElec:     It insulates you from electricity.
Jewellery
 e - the ring "Emis" (right hand) {Fly rF+ Will+ AC+4 Dex+4}
   (You bought it in a shop on level 7 of the Dungeon)

   [ring of protection]

   AC:        It affects your AC (+4).
   Dex:       It affects your dexterity (+4).
   rF:        It protects you from fire.
   Fly:       It grants you flight.
   Will:      It increases your willpower.
 g - a ring of fire (left hand)
 i - a ring of positive energy
 u - an amulet of regeneration (around neck)
 z - a ring of see invisible
 B - a +4 ring of protection
 D - a ring of resist corrosion
 F - a ring of ice
 G - a ring of fire
Wands
 j - a wand of charming (17)
 l - a wand of polymorph (15)
 r - a wand of digging (5)
 y - a wand of mindburst (19)
 E - a wand of roots (5)
Scrolls
 c - 2 scrolls of teleportation
 w - 2 scrolls of identify
 x - a scroll of vulnerability
 H - a scroll of blinking {unknown}
Potions
 b - a potion of magic
 d - 5 potions of heal wounds
 f - 2 potions of lignification
 n - 2 potions of brilliance
 o - a potion of resistance
 p - 2 potions of degeneration
 q - a potion of haste
 t - a potion of attraction


   Skills:
 + Level 8.4 Fighting
 + Level 9.0 Armour
 + Level 9.3 Dodging
 - Level 2.0 Stealth
 - Level 2.0 Spellcasting
 - Level 9.0 Conjurations
 + Level 10.0 Fire Magic


You had 7 spell levels left.
You knew the following spells:

 Your Spells              Type           Power      Damage    Failure   Level
a - Foxfire               Conj/Fire      100%       2x1d9     1%          1
b - Scorch                Fire           100%       2d9       1%          2
c - Flame Wave            Conj/Fire      57%        2d14      1%          4

Your spell library contained the following spells:

 Spells                   Type           Power      Damage    Failure   Level
 Mephitic Cloud           Conj/Pois/Air  14%        N/A       5%          3
 Inner Flame              Hex/Fire       33%        N/A       2%          3
 Volatile Blastmotes      Fire/Tloc      66%        2d15      2%          3
 Apportation              Tloc           4%         N/A       21%         1
 Necrotise                Necr           8%         1d4       21%         1
 Ensorcelled Hibernation  Hex/Ice        4%         N/A       30%         2
 Lesser Beckoning         Tloc           4%         N/A       30%         2
 Gell's Gravitas          Tloc           2%         N/A       52%         3
 Portal Projectile        Hex/Tloc       4%         N/A       52%         3
 Spider Form              Tmut/Pois      2%         N/A       52%         3
 Teleport Other           Tloc           2%         N/A       52%         3
 Tukima's Dance           Hex            2%         N/A       52%         3
 Vampiric Draining        Necr           2%         2d6       52%         3
 Anguish                  Hex/Necr       1%         N/A       90%         4
 Summon Lightning Spire   Summ/Air       2%         N/A       90%         4
 Agony                    Necr           2%         N/A       99%         5
 Alistair's Intoxication  Tmut/Pois      1%         N/A       99%         5
 Blade Hands              Tmut           1%         N/A       99%         5
 Storm Form               Tmut/Air       1%         N/A       100%        7
 Maxwell's Capacitive Co  Air            1%         ∞         100%        8


Dungeon Overview and Level Annotations

Branches:
Dungeon (8/15)             Temple (1/1) D:6            Lair (3/5) D:8
  Swamp: Lair:2-3    Shoals: Lair:2-3     Snake: Lair:2-3    Spider: Lair:2-3

Altars:
Ashenzari
Dithmenos
Elyvilon
Hepliaklqana
Kikubaaqudgha
Makhleb
Okawaru
Qazlal
Sif Muna
Trog
Vehumet
Wu Jian
Xom
Yredelemnul
Zin
The Shining One

Shops:
D:7 =*

Annotations:
Lair:3 Nessos


Innate Abilities, Weirdness & Mutations

You have a beak for a mouth.
You have claws for feet.
Your magical nature lets you fly swiftly and evasively.


Message History

Your blink frog barely misses Nessos.
Your blink frog hits Nessos.
Your yak gores Nessos but does no damage.
Your yak gores Nessos!
Nessos mumbles some strange words.
Nessos blinks!
You feel sick.
Your yak dies!
Your yak's corpse dissolves into shadows!
Nessos shoots an arrow.
The arrow hits your yak!! The arrow burns your yak.
Your yak is poisoned.
Your blink frog blinks!
Nessos shoots an arrow.
The arrow hits your yak! The arrow burns your yak.
Your yak dies!
Your yak's corpse dissolves into shadows!
You feel sick.
Nessos shoots an arrow.
The arrow hits your blink frog!! The arrow burns your blink frog!
Your blink frog looks as sick as possible!
Your blink frog dies!
Your blink frog's corpse dissolves into shadows!
Nessos shoots an arrow.
The arrow hits your blink frog!! The arrow burns your blink frog.
Your blink frog is poisoned.
Your blink frog hits Nessos!
Your blink frog blinks! x2
Your blink frog hits Nessos!
Your blink frog blinks!
You feel sick.
Nessos shoots an arrow.
The arrow hits you!
* * * LOW HITPOINT WARNING * * *
The arrow burns you.
* * * LOW HITPOINT WARNING * * *
Nessos gestures wildly while chanting.
Nessos blinks!
Your blink frog blinks!
You are confused.
You feel invigorated.
You feel sick.
Your blink frog dissolves into shadows!
Nessos shoots an arrow.
The arrow hits you.
* * * LOW HITPOINT WARNING * * *
You are more poisoned.
Your blink frog hits Nessos!
Nessos shoots an arrow.
The arrow hits you!!
You die...

.#/.............
................
.....##P.###..# .
c.... ##.## ..
.....##...######...
#....#......#....
##....##.........
#......§~...P#P.
##.~~~~~Y~.@## #
...~≈≈~≈≈≈~..###
...~≈≈≈≈≈≈~~F....
...~≈≈~.~~≈~......
...≈≈§~<~≈Y~.......
..~~≈§.YY≈≈≈c......
..~~≈≈≈~≈≈≈~F......
...~≈≈≈~≈≈~~.#P....
...~~~~~~~~.##...


You could see Nessos (fast, ally target), 4 friendly yaks and 2 friendly blink
frogs.

Vanquished Creatures
  A hydra (Lair:2)
  A catoblepas (Lair:1)
  2 skysharks (Lair:2)
  Pikel (D:7)
  A black mamba (Lair:2)
  2 cane toads (Lair:1)
  5 komodo dragons
  A polar bear (Lair:1)
  A hornet (D:7)
  Prince Ribbit (D:8)
  3 wyverns
  5 yaks (D:8)
  2 steam dragons
  A basilisk (Lair:1)
  2 water moccasins
  An ice beast (D:6)
  3 black bears
  An ogre (D:5)
  2 orc warriors (D:8)
  A sky beast (D:6)
  6 wolves (Lair:1)
  A centaur (D:5)
  A phantom (D:7)
  4 kobold brigands
  2 necrophages (D:4)
  7 bullfrogs
  2 scorpions
  A water moccasin zombie (D:4)
  A wight (D:4)
  A jelly (D:5)
  3 hounds
  A human zombie (D:4)
  5 orc priests
  An iguana (D:5)
  A scorpion zombie (D:4)
  7 orc wizards
  4 hound zombies (D:4)
  3 adders
  4 gnolls (D:4)
  A shadow imp (D:5)
  A white imp (D:6)
  An ufetubus (D:4)
  An adder zombie (D:4)
  A dart slug (D:5)
  47 orcs
  4 ball pythons
  5 bats
  7 endoplasms
  4 goblins
  6 hobgoblins
  4 jackals (D:3)
  5 quokkas
  2 frilled lizards
  25 kobolds
  A quokka zombie (D:4)
  2 rats
209 creatures vanquished.

Vanquished Creatures (collateral kills)
  6 foxfires
6 creatures vanquished.

Vanquished Creatures (others)
  766 foxfires
766 creatures vanquished.

Grand Total: 981 creatures vanquished

Notes
Turn   | Place    | Note
-------+----------+-------------------------------------------
     0 | D:1      | Essalna the Tengu Fire Elementalist began the quest for the
                  | Orb.
     0 | D:1      | Reached XP level 1. HP: 10/10 MP: 4/4
   240 | D:1      | Reached XP level 2. HP: 16/16 MP: 4/6
   623 | D:1      | Found a faded altar of an unknown god.
   776 | D:2      | Reached skill level 1 in Fighting
   944 | D:2      | Reached XP level 3. HP: 20/20 MP: 3/7
  1707 | D:3      | Found a bloodstained altar of Trog.
  1756 | D:3      | Found a glowing golden altar of the Shining One.
  1842 | D:3      | Identified the +0 leather armour "Vueg" {rElec rF++}
  2132 | D:3      | Found an ancient bone altar of Kikubaaqudgha.
  2367 | D:4      | Reached skill level 4 in Fire Magic
  2367 | D:4      | Reached XP level 4. HP: 17/26 MP: 8/8
  2415 | D:4      | Noticed a necrophage
  2426 | D:4      | Killed a necrophage
  2427 | D:4      | Reached skill level 1 in Armour
  2427 | D:4      | Gained mutation: Your magical nature lets you fly swiftly
                  | and evasively. [Tengu growth]
  2427 | D:4      | Reached XP level 5. HP: 18/30 MP: 6/9
  2617 | D:4      | Learned a level 2 spell: Scorch
  2626 | D:4      | Reached XP level 6. HP: 36/36 MP: 4/10
  2798 | D:4      | Found a basalt altar of Yredelemnul.
  3043 | D:4      | Reached XP level 7. HP: 41/41 MP: 6/11
  3185 | D:4      | Reached skill level 5 in Fire Magic
  3559 | D:4      | Noticed a steam dragon
  3580 | D:4      | Killed a steam dragon
  3785 | D:4      | Reached skill level 5 in Conjurations
  4157 | D:5      | Entered Level 5 of the Dungeon
  4534 | D:6      | Reached XP level 8. HP: 48/48 MP: 7/12
  4578 | D:6      | Found a staircase to the Ecumenical Temple.
  4587 | Temple   | Entered the Ecumenical Temple
  4681 | Temple   | Became a worshipper of Vehumet
  5493 | D:5      | Found a glowing silver altar of Zin.
  5510 | D:5      | Reached skill level 6 in Fire Magic
  5598 | D:5      | Reached skill level 5 in Dodging
  6110 | D:5      | Reached * piety under Vehumet
  6110 | D:5      | Offered knowledge of Freeze by Vehumet.
  6421 | D:6      | Reached XP level 9. HP: 53/53 MP: 8/13
  6426 | D:6      | Learned a level 4 spell: Flame Wave
  6707 | D:6      | Reached skill level 5 in Armour
  6765 | D:6      | Found a broken altar of Ashenzari.
  6905 | D:7      | Noticed a hornet
  6912 | D:6      | Reached skill level 5 in Fighting
  7255 | D:7      | Found a shimmering blue altar of Sif Muna.
  7270 | D:7      | Noticed Pikel
  7277 | D:7      | Killed Pikel
  7278 | D:7      | Reached skill level 7 in Fire Magic
  7648 | D:7      | Found Saxtiluo's Jewellery Shoppe.
  7797 | D:7      | Found an ornate altar of the Wu Jian Council.
  7834 | D:7      | Found Ulamp's General Store.
  7929 | D:7      | Reached ** piety under Vehumet
  8051 | D:7      | Offered knowledge of Kiss of Death by Vehumet.
  8231 | D:7      | Paralysed by a hornet for 1 turns
  8233 | D:7      | Killed a hornet
  8459 | D:8      | Found a shadowy altar of Dithmenos.
  8568 | D:8      | Reached XP level 10. HP: 60/60 MP: 10/14
  8649 | D:8      | Identified a scroll of acquirement
  8649 | D:8      | Acquired 747 gold pieces
  8703 | D:7      | Bought the ring "Emis" {Fly rF+ Will+ AC+4 Dex+4} for 727
                  | gold pieces
  8703 | D:7      | Bought an amulet of regeneration for 330 gold pieces
  8736 | D:8      | Reached skill level 8 in Fire Magic
  9106 | D:8      | Found a staircase to the Lair.
  9143 | D:8      | Noticed Prince Ribbit
  9149 | D:8      | Killed Prince Ribbit
  9290 | D:8      | Identified the +4 mace of Departure {pain, +Blink rElec
                  | Will+}
  9352 | D:8      | Offered knowledge of Mephitic Cloud by Vehumet.
  9597 | Lair:1   | Entered Level 1 of the Lair of Beasts
  9604 | Lair:1   | Noticed a cane toad
  9608 | Lair:1   | Killed a cane toad
  9660 | Lair:1   | Noticed a cane toad
  9670 | Lair:1   | HP: 1/61 [cane toad (15)]
  9672 | Lair:1   | Killed a cane toad
  9905 | Lair:1   | Identified the +0 robe of Death Resistance {rC- Str+3
                  | Dex+2}
 10122 | Lair:1   | Reached *** piety under Vehumet
 10123 | Lair:1   | Reached skill level 9 in Fire Magic
 10127 | Lair:1   | Reached XP level 11. HP: 52/67 MP: 7/15
 10202 | Lair:1   | Noticed a catoblepas
 10708 | Lair:2   | Noticed a skyshark
 10714 | Lair:2   | Killed a skyshark
 10933 | Lair:2   | Noticed a five-headed hydra
 10942 | Lair:2   | Killed a five-headed hydra
 11019 | Lair:2   | Noticed a skyshark
 11026 | Lair:2   | Killed a skyshark
 11102 | Lair:2   | Noticed a catoblepas
 11297 | Lair:1   | Killed a catoblepas
 11457 | Lair:3   | Noticed Nessos
 11458 | Lair:3   | Reached skill level 10 in Fire Magic
 11479 | Lair:3   | Shot with an arrow by Nessos

Illustrated notes

Levels and vault maps discovered:
D:1:      ncdulo_smallfort, layout_loops_ring,
          hellmonk_ecumenical_altar_inner_sanctum
D:2:      layout_basic
D:3:      layout_basic, nicolae_overflow_hidden_temple,
          grunt_temple_overflow_open, chequers_hall_statues_corner_a
D:4:      layout_cave_pools, lemuel_mausoleum_altar_yredelemnul
D:5:      layout_rooms, mainiacjoe_overflow_24_doors
D:6:      layout_loops_ring, evilmike_ruin_ashenzari,
          minmay_temple_entry_glassed_door, minmay_misc_feat_more_columns
D:7:      layout_loops_cross, nicolae_sif_muna_condensation,
          kennysheep_mini_moat, serial_shops, shop, nicolae_diamond_shop,
          uniq_pikel
D:8:      layout_loops_ring, nicolae_dithmenos_shadow_blocks,
          david_lair_shrubbed, columned_hall_lemuel, minmay_misc_feat_tiny,
          uniq_prince_ribbit1
Temple:   minmay_temple_curvy_loop
Lair:1:   layout_chaotic_city
Lair:2:   layout_small_grid, serial_rivers, chequers_serial_rivers_small_b,
          chequers_serial_rivers_micro_b, chequers_serial_rivers_micro_b,
          chequers_serial_rivers_room_b, chequers_serial_rivers_micro_e
Lair:3:   cheibrodos_lair_river_kwai, layout_regular_city, shoals_dummy_entry,
          minmay_snake_entry_six_corridors, dreamdust_mushroom_princess,
          infiniplex_staircase_pool_2, serial_bayou_shore_a, uniq_nessos,
          uniq_rupert

Skill      XL: |  1  2  3  4  5  6  7  8  9 10 11 |
---------------+----------------------------------+-----
Conjurations   | 2 3 4 5 6 8 9 |  9.0
Fighting       | 1 2 3 4 6 7 8 |  8.4
Fire Magic     | 4 5 6 7 9 10 | 10.0
Armour         | 1 2 3 4 6 7 9 |  9.0
Dodging        | 3 4 5 6 8 9 |  9.3
Stealth        | |  2.0
Spellcasting   | |  2.0

Action                     |  1- 3 |  4- 6 |  7- 9 | 10-12 || total
---------------------------+-------+-------+-------+-------++-------
  Melee: Unarmed           |     1 |       |       |       ||     1
         Spear             |    32 |    21 |    45 |    48 ||   146
         Kick              |     9 |     5 |    12 |    17 ||    43
         Peck              |     4 |     3 |     6 |     6 ||    19
         Punch             |       |     1 |       |       ||     1
   Cast: Foxfire           |    59 |    11 |   273 |   108 ||   451
         Scorch            |       |    24 |    46 |    54 ||   124
         Flame Wave        |       |       |     2 |     4 ||     6
    Use: Scroll            |       |       |       |    16 ||    16
         Potion            |       |       |       |     3 ||     3
   Stab: Sleeping          |     2 |     2 |       |       ||     4
         Distracted        |       |       |     1 |       ||     1
 Armour: Leather armour    |     9 |     5 |     7 |    13 ||    34
  Dodge: Dodged            |    28 |    28 |    81 |    99 ||   236

Table legend: (Time is in decaauts)
 A = Elapsed time spent in this place.
 B = Non-inter-level travel time spent in this place.
 C = Inter-level travel time spent in this place.
 D = Time resting spent in this place.
 E = Time spent auto-exploring this place.
 F = Levels seen in this place.
 G = Mean time per level.
                   A        B        C        D        E       F      G
               +--------+--------+--------+--------+--------+-----+--------+
         Total |  11170 |  10775 |    395 |    439 |   8726 |  12 |  930.8 |
       Dungeon |   9223 |   8901 |    322 |    347 |   7311 |   8 | 1152.9 |
        Temple |    137 |     87 |     50 |      0 |     76 |   1 |  137.0 |
          Lair |   1809 |   1787 |     22 |     92 |   1338 |   3 |  603.0 |
               +--------+--------+--------+--------+--------+-----+--------+

Top non-repeatable levels by time:
     D:4: 1867 daAuts
     D:7: 1516 daAuts
     D:5: 1265 daAuts
     D:6: 1226 daAuts
  Lair:1: 1038 daAuts
     D:8: 995 daAuts
     D:2: 808 daAuts
     D:3: 782 daAuts
     D:1: 760 daAuts
  Lair:2: 731 daAuts
  Temple: 137 daAuts
  Lair:3: 39 daAuts
